AoeStats
← nikmal-4

MegaRandom

509302679Analyzed
2v2 RM · 4d ago on Sep 26, 2026· 86m 11s· 4 players
Game mode
Random Map
Map size
Medium (4 player)
Population
200
Speed
Normal
Resources
Standard
Victory
Conquest
Starting age
Dark Age
Ending age
Imperial Age
RankedLock teamsTeams togetherTeam positionsShared explorationLock speedFull tech treeHidden civsTurbo modeCheats
Victory
Defeat
🇬🇷 Teutons · Greece
635
+7
🇪🇸 Hindustanis · Spain
625
+7
🇨🇳 Italians · China
475
-9
🇪🇸 Byzantines · Spain
338
-5
Kukhs
14:06 Loom
16:32 Feudal Age
16:43 Man-at-Arms
18:04 Horse Collar
19:41 Arson
23:52 Castle Age
24:00 Long Swordsman
25:18 Scale Mail Armor
27:00 Heavy Plow
32:46 Murder Holes
33:43 Squires
36:16 Imperial Age
36:08 Chain Mail Armor
35:43 Gambesons
36:22 Two-Handed Swordsman
37:37 Plate Mail Armor
39:53 Chemistry
40:26 Scale Barding Armor
42:18 Chain Barding Armor
54:29 Fletching
61:25 Crop Rotation
69:42 Hoardings
604569544
22:41 Feudal Age
23:46 Town Watch
28:02 Castle Age
28:05 Double-Bit Axe
28:08 Horse Collar
33:22 Wheelbarrow
37:53 Bow Saw
39:02 Padded Archer Armor
42:45 Imperial Age
40:19 Town Patrol
40:41 Hand Cart
41:08 Heavy Plow
43:24 Fortified Wall
43:35 Ballistics
44:34 Chemistry
44:43 Leather Archer Armor
45:41 Loom
47:35 Capped Ram
49:26 Two-Man Saw
48:21 Gold Mining
48:21 Stone Mining
52:47 Crop Rotation
51:44 Elite Skirmisher
52:29 Thumb Ring
53:32 Hoardings
53:26 Fletching
54:17 Pikeman
54:57 Squires
54:43 Arson
55:56 Forging
55:47 Scale Mail Armor
58:36 Caravan
59:17 Silk Road
63:22 Iron Casting
66:06 Pirotechnia
66:18 Conscription
69:55 Chain Mail Armor
70:41 Blast Furnace
69:36 Bodkin Arrow
71:28 Guard Tower
71:59 Bombard Tower
71:25 Arrowslits
71:21 Treadmill Crane
71:37 Murder Holes
71:52 Masonry
75:38 Light Cavalry
76:29 Bloodlines
76:19 Husbandry
nikmal-4
4:35 Loom
22:56 Feudal Age
24:22 Wheelbarrow
23:31 Horse Collar
23:41 Double-Bit Axe
23:52 Gold Mining
24:45 Town Watch
24:30 Man-at-Arms
24:57 Arson
28:42 Castle Age
27:07 Scale Mail Armor
28:35 Padded Archer Armor
28:50 Padded Archer Armor
28:42 Fletching
29:14 Stone Mining
29:46 Long Swordsman
30:34 Heavy Plow
30:50 Bow Saw
31:03 Hand Cart
31:37 Hand Cart
31:46 Hand Cart
33:03 Town Patrol
36:25 Crossbowman
37:45 Squires
40:21 Forging
40:31 Elite Skirmisher
41:56 Iron Casting
42:29 Pikeman
44:10 Gambesons
56:07 Imperial Age
60:13 Two-Man Saw
59:45 Caravan
60:21 Coinage
61:44 Halberdier
63:15 Conscription
63:30 Arrowslits
64:59 Stone Shaft Mining
65:05 Chain Mail Armor
64:47 Bodkin Arrow
65:56 Blast Furnace
69:00 Crop Rotation
71:00 Hoardings
71:58 Capped Ram
73:48 Masonry
76:11 Chemistry
zenpegasus4
17:56 Loom
22:32 Feudal Age
27:55 Double-Bit Axe
31:40 Wheelbarrow
31:03 Town Watch
33:26 Castle Age
32:47 Forging
32:53 Man-at-Arms
37:11 Squires
45:42 Husbandry
45:57 Grand Trunk Road
46:29 Pikeman
48:37 Bow Saw
49:05 Caravan
51:11 Scale Mail Armor
52:23 Bloodlines
53:07 Arson
55:01 Wheelbarrow
54:14 Town Watch
60:17 Imperial Age
58:06 Hand Cart
58:37 Scale Barding Armor
58:39 Town Patrol
59:55 Horse Collar
61:27 Heavy Camel Rider
67:30 Ballistics
68:13 Chemistry
67:12 Murder Holes
68:19 Chemistry
67:30 Masonry
67:27 Siege Engineers
66:46 Onager
68:11 Imperial Camel Rider
76:16 Herbal Medicine
76:17 Siege Elephant
82:44 Fortified Wall
82:54 Chain Mail Armor
Connection lost

Rejoining the realm…

Still unreachable

The connection could not be restored.

Session expired

The server has moved on; the page needs a fresh start.